 Dungeon Crawl Stone Soup version 0.32-a0-779-g362cfcae2a (webtiles) character file.

Game seed: 17655091052897620979

56 Alarak the Chopper (level 3, -1/31 HPs)
             Began as a Mountain Dwarf Fighter on Mar 19, 2024.
             Slain by a rat (3 damage)
             ... on level 3 of the Dungeon.
             The game lasted 00:01:37 (1277 turns).

Alarak the Chopper (Mountain Dwarf Fighter)         Turns: 1277, Time: 00:01:38

Health: -1/31      AC:  6    Str: 20    XL:     3   Next: 69%
Magic:  3/3        EV:  8    Int:  8    God:
Gold:   91         SH:  4    Dex:  9    Spells: 2/2 levels left

rFire   . . .        a - +0 war axe
rCold   . . .        c - +0 buckler
rNeg    . . .        b - +0 scale mail
rPois   .            (no helmet)
rElec   .            (no cloak)
rCorr   .            (no gloves)
SInv    .            (no boots)
Will    .....        (no amulet) Stlth
                     (no ring)
HPRegen 0.25/turn    (no ring)
MPRegen 0.08/turn

%: no passive effects
@: no status effects
A: runic magic, artefact enchanting
a: no special abilities


You were on level 3 of the Dungeon.
You visited 1 branch of the dungeon, and saw 3 of its levels.

You collected 91 gold pieces.

Inventory:

Hand Weapons
 a - a +0 war axe (weapon)
Armour
 b - a +0 scale mail (worn)
 c - a +0 buckler (worn)
Jewellery
 e - a +6 ring of intelligence
Scrolls
 f - a scroll of identify
 g - 2 scrolls of enchant armour
 h - a scroll of poison {unknown}
Potions
 d - 2 potions of might


   Skills:
 - Level 3.2 Fighting
 + Level 5.0 Axes
 - Level 3.2 Armour
 - Level 3.2 Shields


You had 2 spell levels left.
You didn't know any spells.
Your spell library contained the following spells:

 Spells                   Type           Power      Damage    Failure   Level
 Animate Dead             Necr           0%         N/A       100%        4
 Haunt                    Necr/Summ      0%         N/A       100%        7
 Infestation              Necr           0%         N/A       100%        8


Dungeon Overview and Level Annotations

Branches:
Dungeon (3/15)

Altars:


Innate Abilities, Weirdness & Mutations

Your spellcasting is much less encumbered by armour.
You can use scrolls of enchantment on lesser artefacts.


Message History

You bump into the rock wall.
The orc wizard hits you with a +0 dagger.
The orc completely misses you.
You bump into the rock wall.
The orc hits you with a +0 flail.
The orc wizard hits you but does no damage.
You miss the orc wizard.
The orc wizard is moderately wounded.
You miss the orc. The orc wizard casts a spell at you.
The puff of flame hits you. The orc hits you with a +0 flail.
You bump into the rock wall.
The orc wizard barely misses you. The orc closely misses you.
You hit the orc wizard.
The orc wizard is severely wounded.
You closely miss the orc.
You feel less confused.
The orc wizard points at you and mumbles some strange words.
The magic dart hits you! You block the orc's attack.
The orc wizard hits you but does no damage.
The orc hits you with a +0 flail.
* * * LOW HITPOINT WARNING * * *
You barely miss the orc wizard.
The orc wizard is severely wounded.
You barely miss the orc. The orc hits you with a +0 flail.
* * * LOW HITPOINT WARNING * * *
The orc wizard hits you but does no damage.
You slash the orc wizard!
You kill the orc wizard!
You hit the orc.
You kill the orc!
Your Axes skill increases to level 5!
You have reached level 3!
Your experience leads to an increase in your attributes!
Increase (S)trength, (I)ntelligence, or (D)exterity?
You feel stronger. x2
Okay, then.
You hit the rat.
The rat is moderately wounded.
You block the rat's attack. The rat bites you.
You die...

######### #.# #.#
........###.#####.#.#
.................#...
######.....#####....
#)##### ##.# #.# #..#
#.# ###...
###.######.# ......
......r@...# ###..
####!.)##.## #..
#..... #.# #.# #.....
#.# #.# ....#.. #.#
#.. ....#.. #.# ###
..# ### #.# # .. #.#
#.##### #.# #.#
#......


You could see a rat.

Vanquished Creatures
  An orc wizard (D:3)
  A dart slug (D:1)
  2 orcs (D:3)
  2 endoplasms
  3 goblins
  2 hobgoblins
  A quokka (D:2)
  3 ball pythons (D:1)
  2 bats
  3 frilled lizards
  3 kobolds
  4 rats
27 creatures vanquished.

Notes
Turn   | Place    | Note
-------+----------+-------------------------------------------
     0 | D:1      | Alarak the Mountain Dwarf Fighter began the quest for the
                  | Orb.
     0 | D:1      | Reached XP level 1. HP: 19/19 MP: 1/1
   150 | D:1      | Reached skill level 3 in Axes
   591 | D:1      | Reached XP level 2. HP: 23/26 MP: 2/2
   986 | D:2      | Reached skill level 4 in Axes
  1275 | D:3      | HP: 1/26 [orc/+0 flail (4)]
  1277 | D:3      | Reached skill level 5 in Axes
  1277 | D:3      | Reached XP level 3. HP: 1/31 MP: 3/3
  1277 | D:3      | Slain by a rat

Illustrated notes

Levels and vault maps discovered:
D:1:      minmay_arrival_stone_box, layout_basic, nicolae_figureground_sparkle
D:2:      layout_basic
D:3:      layout_loops_ring, hangedman_decor_push, glass_columns_a,
          minmay_misc_feat_encased

Skill      XL: |  1  2 |
---------------+-------+-----
Axes           | 3 5 |  5.0
Fighting       | |  3.2
Armour         | |  3.2
Shields        | |  3.2

Action                     || total
---------------------------++-------
  Melee: War axe           ||    71
    Use: Scroll            ||     2
 Armour: Scale mail        ||    71
  Dodge: Dodged            ||    31
  Block: Buckler           ||    15

Table legend: (Time is in decaauts)
 A = Elapsed time spent in this place.
 B = Non-inter-level travel time spent in this place.
 C = Inter-level travel time spent in this place.
 D = Time resting spent in this place.
 E = Time spent auto-exploring this place.
 F = Levels seen in this place.
 G = Mean time per level.
                   A        B        C        D        E       F      G
               +--------+--------+--------+--------+--------+-----+--------+
         Total |   1301 |   1268 |     33 |      0 |   1084 |   3 |  433.7 |
       Dungeon |   1301 |   1268 |     33 |      0 |   1084 |   3 |  433.7 |
               +--------+--------+--------+--------+--------+-----+--------+

Top non-repeatable levels by time:
     D:1: 883 daAuts
     D:2: 251 daAuts
     D:3: 166 daAuts
